 Dungeon Crawl Stone Soup version 0.27-a0-277-g024f7ef292 (webtiles) character file.

Game seed: 6953662038640446508

1173 Maedhros the Ducker (level 8, -2/45 HPs)
             Began as an Octopode Artificer on Feb 7, 2021.
             Killed themself with a badly aimed iceblast (9 damage)
             ... on level 8 of the Dungeon.
             The game lasted 00:10:37 (1777 turns).

Maedhros the Ducker (Octopode Artificer)            Turns: 1777, Time: 00:10:37

Health: -2/45      AC:  1    Str: 12    XL:     8   Next: 41%
Magic:  8/8        EV: 17    Int: 13    God:
Gold:   116        SH:  0    Dex: 14    Spells: 7/7 levels left

rFire    . . .     SeeInvis .     - Unarmed
rCold    + . .     Faith    .   (no shield)
rNeg     . . .     Spirit   .   (helmet restricted)
rPois    .         Reflect  .   (no amulet)
rElec    .         Harm     .   (no ring)
rCorr    .         Rampage  .   (no ring)
Will     .....                  (no ring)
Stlth    ++++......             (no ring)
HPRegen  0.15/turn              (no ring)
MPRegen  0.11/turn              (no ring)
                                (no ring)
                                (no ring)

@: no status effects
A: almost no armour, stealthy swim, amphibious, 8 rings, constrict 8, camouflage
1, cold resistance 1, frail 1, gelatinous body 1
a: no special abilities


You were on level 8 of the Dungeon.
You visited 2 branches of the dungeon, and saw 9 of its levels.

You collected 116 gold pieces.

Inventory:

Hand Weapons
 e - a +0 hunting sling
Missiles
 a - 57 stones (quivered)
Wands
 c - a wand of acid (5)
 d - a wand of random effects (4)
 j - a wand of iceblast (8)
 l - a wand of digging (4)
Scrolls
 b - a scroll of immolation {unknown}
 g - 2 scrolls of fear {unknown}
 h - a scroll of blinking {unknown}
 i - 2 scrolls of identify {unknown}


   Skills:
 + Level 2.1 Fighting
 + Level 7.1 Dodging
 + Level 6.9 Stealth
 * Level 4.5 Unarmed Combat
 - Level 3.2 Evocations


You had 7 spell levels left.
You didn't know any spells.
Your spell library contained the following spells:

 Spells                   Type           Power        Failure   Level
 Corona                   Hex            0%           30%         1
 Slow                     Hex            0%           43%         2
 Inner Flame              Hex/Fire       0%           67%         3
 Portal Projectile        Hex/Tloc       0%           67%         3
 Cause Fear               Hex            0%           97%         4
 Leda's Liquefaction      Hex/Erth       0%           97%         4


Dungeon Overview and Level Annotations

Branches:
Dungeon (8/15)             Temple (1/1) D:7
   Lair: D:8-11

Altars:
Ashenzari
Dithmenos
Elyvilon
Fedhas
Gozag
Hepliaklqana
Kikubaaqudgha
Makhleb
Nemelex Xobeh
Okawaru
Qazlal
Sif Muna
Uskayaw
Vehumet
Wu Jian
Xom
Yredelemnul
Zin
The Shining One


Innate Abilities, Weirdness & Mutations

You cannot wear most types of armour.
You are very stealthy in the water. (Stealth+)
You are amphibious.
You can wear up to eight rings at the same time.
You can use your tentacles to constrict eight enemies at once.
Your skin changes colour to match your surroundings (Stealth+).
Your rubbery body absorbs attacks. (AC +1, EV +1)
Your flesh is cold resistant. (rC+)
You are frail. (-10% HP)


Message History

Press: ? - help, Shift-Dir - straight line The mass of ice explodes!
The iceblast engulfs the orc warrior!
The orc warrior is heavily wounded.
The iceblast engulfs something!
The orc warrior completely misses you.
Unknown command.
You aren't carrying any potions.
Okay, then.
You tentacle-slap the orc warrior but do no damage.
You grab the orc warrior.
The orc warrior is heavily wounded.
You constrict the orc warrior.
The orc warrior hits you with a +0 dire flail!
* * * LOW HITPOINT WARNING * * *
Something hits you.
* * * LOW HITPOINT WARNING * * *
Aiming: Iceblast
Press: ? - help, Shift-Dir - straight line The mass of ice explodes!
The iceblast engulfs something!
The iceblast engulfs you! You partially resist.
You die...

####
##.....
##..)....
#@o......
#.{...../
#........
.........
.........
#.........
#.........
#.........


You could see an orc warrior.

Vanquished Creatures
  Grinder (D:5)
  Menkaure (D:6)
  Purgy (D:3)
  2 bullfrogs
  A scorpion (D:7)
  6 killer bees (D:8)
  A howler monkey (D:7)
  A gnoll shaman (D:5)
  A jelly (D:7)
  Crazy Yiuf (D:5)
  An orc priest (D:8)
  A centaur skeleton (D:7)
  Ijyb (D:4)
  2 iguanas
  An orc wizard (D:7)
  2 worker ants (D:5)
  A hound skeleton (D:4)
  A gnoll (D:5)
  2 adders
  A howler monkey skeleton (D:4)
  An ufetubus (D:6)
  2 leopard geckos (D:7)
  7 orcs
  A ball python (D:1)
  A hobgoblin (D:2)
  A jackal (D:3)
  2 quokkas
  2 bats (D:1)
  A frilled lizard (D:5)
  A goblin (D:1)
  A rat (D:1)
49 creatures vanquished.

Vanquished Creatures (collateral kills)
  A howler monkey (D:4)
  2 gnolls (D:5)
  6 jackals
  2 frilled lizards
  A quokka zombie (D:5)
12 creatures vanquished.

Vanquished Creatures (others)
  A worker ant (D:4)
  A gnoll (D:5)
  3 jackals
  A fungus (D:5)
6 creatures vanquished.

Grand Total: 67 creatures vanquished

Notes
Turn   | Place    | Note
-------+----------+-------------------------------------------
     0 | D:1      | Maedhros the Octopode Artificer began the quest for the
                  | Orb.
     0 | D:1      | Reached XP level 1. HP: 13/13 MP: 1/1
   168 | D:2      | Reached XP level 2. HP: 7/18 MP: 2/2
   173 | D:2      | Reached skill level 3 in Dodging
   226 | D:2      | You fall into a shaft and drop 1 floor!
   238 | D:3      | Noticed Purgy
   246 | D:3      | Killed Purgy
   247 | D:3      | Reached skill level 4 in Dodging
   247 | D:3      | Reached XP level 3. HP: 8/23 MP: 3/3
   247 | D:3      | Reached XP level 4. HP: 10/28 MP: 4/4
   382 | D:4      | Reached XP level 5. HP: 11/33 MP: 5/5
   490 | D:4      | Reached skill level 5 in Dodging
   499 | D:4      | Noticed Ijyb
   513 | D:4      | Killed Ijyb
   522 | D:4      | Noticed an ogre
   525 | D:5      | Entered Level 5 of the Dungeon
   532 | D:5      | Found a hazy altar of Hepliaklqana.
   561 | D:5      | Found a burning altar of Makhleb.
   561 | D:5      | Noticed a blizzard demon
   566 | D:5      | Noticed a neqoxec
   566 | D:5      | Noticed a ynoxinul
   572 | D:5      | Gained mutation: One of your tentacles bears a spike.
                  | [potion of mutation]
   572 | D:5      | Gained mutation: You are frail. (-10% HP) [potion of
                  | mutation]
   572 | D:5      | Lost mutation: One of your tentacles bears a spike. [potion
                  | of mutation]
   572 | D:5      | Gained mutation: Your flesh is cold resistant. (rC+)
                  | [potion of mutation]
   582 | D:5      | Noticed Grinder
   600 | D:5      | Reached XP level 6. HP: 22/34 MP: 6/6
   609 | D:5      | Killed Grinder
   624 | D:5      | Reached skill level 6 in Dodging
   771 | D:5      | Found a runed translucent door.
   772 | D:5      | Noticed Crazy Yiuf
   781 | D:5      | Killed Crazy Yiuf
   815 | D:6      | Noticed Menkaure
   827 | D:6      | Killed Menkaure
   828 | D:6      | Reached skill level 5 in Stealth
   828 | D:6      | Reached skill level 1 in Unarmed Combat
   828 | D:6      | Reached XP level 7. HP: 21/38 MP: 7/7
  1486 | D:7      | Found a staircase to the Ecumenical Temple.
  1492 | Temple   | Entered the Ecumenical Temple
  1763 | D:8      | Reached XP level 8. HP: 45/45 MP: 8/8
  1765 | D:8      | Reached skill level 7 in Dodging
  1777 | D:8      | Killed themself with a badly aimed iceblast

Illustrated notes

Levels and vault maps discovered:
D:1:      zaba_arrival_water, layout_basic
D:2:      layout_rooms, nzn_hepliaklqana_mist_gate
D:3:      layout_basic, chequers_temple_overflow_statue_of_worship,
          st_stairs_14, uniq_purgy
D:4:      minmay_diamond_boxcup, layout_basic, gup_sewer_entry_spiral,
          st_stairs_14, tso_altar, uniq_ijyb
D:5:      layout_layer_cave, basic_altar, makhleb_altar_promises_db,
          uniq_crazy_yiuf_cottage, uniq_blork_the_orc, uniq_grinder
D:6:      layout_basic, cheibriados_altar_1, uniq_menkaure
D:7:      layout_basic, minmay_temple_entry_trees,
          nicolae_ru_great_annihilating_truth, uniq_prince_ribbit1
D:8:      layout_cave_pods, the_bakery, uniq_grum, uniq_joseph, uniq_pikel
Temple:   hc_temple_tempest_star

Skill      XL: |  1  2  3  4  5  6  7  8 |
---------------+-------------------------+-----
Dodging        | 4 5 6 7 |  7.1
Stealth        | 3 4 5 6 |  6.9
Unarmed Combat | 1 3 4 |  4.5
Fighting       | 2 |  2.1
Evocations     | |  3.2

Action                   |  1- 3 |  4- 6 |  7- 9 || total
-------------------------+-------+-------+-------++-------
Melee: Unarmed           |    16 |    32 |    47 ||    95
       Constrict         |     6 |     9 |    11 ||    26
       Tentacles         |     1 |    11 |    14 ||    26
       Punch             |       |       |     2 ||     2
Evoke: Wand              |    13 |    24 |    19 ||    56
  Use: Potion            |       |     2 |     2 ||     4
 Stab: Sleeping          |     2 |     3 |     2 ||     7
Armor: Skin              |     2 |       |       ||     2
Dodge: Dodged            |    14 |    13 |    48 ||    75

Table legend: (Time is in decaauts)
 A = Elapsed time spent in this place.
 B = Non-inter-level travel time spent in this place.
 C = Inter-level travel time spent in this place.
 D = Time resting spent in this place.
 E = Time spent auto-exploring this place.
 F = Levels seen in this place.
 G = Mean time per level.
                   A        B        C        D        E       F      G
               +--------+--------+--------+--------+--------+-----+--------+
         Total |   1773 |   1636 |    137 |      4 |     99 |   9 |  197.0 |
       Dungeon |   1655 |   1523 |    132 |      4 |     99 |   8 |  206.9 |
        Temple |    118 |    113 |      5 |      0 |      0 |   1 |  118.0 |
               +--------+--------+--------+--------+--------+-----+--------+

Top non-repeatable levels by time:
     D:5: 489 daAuts
     D:7: 477 daAuts
     D:4: 224 daAuts
     D:1: 153 daAuts
     D:6: 148 daAuts
  Temple: 118 daAuts
     D:3: 73 daAuts
     D:2: 72 daAuts
     D:8: 15 daAuts
